AoeStats
← jajita

Oasis

509660868Analyzed
2v2 RM · 4d ago on Sep 27, 2026· 23m 0s· 4 players
Game mode
Random Map
Map size
Medium (4 player)
Population
200
Speed
Normal
Resources
Standard
Victory
Conquest
Starting age
Dark Age
Ending age
Imperial Age
RankedLock teamsTeams togetherTeam positionsShared explorationLock speedFull tech treeHidden civsTurbo modeCheats
Victory
Defeat
🇺🇸 Khmer · United States
1167
+13
🇺🇸 Magyars · United States
1130
+15
🇪🇪 Poles · Estonia
1129
-15
🇮🇳 Chinese · India
1082
-13
saratchandra9494
0:31 Loom
10:18 Feudal Age
10:59 Double-Bit Axe
10:57 Horse Collar
11:18 Gold Mining
12:26 Wheelbarrow
24:45 Castle Age
23:12 Forging
Myrakaru
0:28 Loom
12:07 Feudal Age
16:14 Horse Collar
23:06 Castle Age
21:26 Scale Barding Armor
21:13 Fletching
21:40 Double-Bit Axe
22:13 Stone Mining
jajita
8:36 Feudal Age
7:52 Loom
9:09 Double-Bit Axe
9:57 Horse Collar
19:00 Castle Age
17:07 Gold Mining
17:41 Bloodlines
18:13 Forging
18:58 Fletching
19:41 Bodkin Arrow
19:58 Bow Saw
21:09 Padded Archer Armor
23:46 Wheelbarrow
nakal
4:46 Loom
10:20 Feudal Age
15:08 Double-Bit Axe
19:33 Horse Collar
24:06 Castle Age
Connection lost

Rejoining the realm…

Still unreachable

The connection could not be restored.

Session expired

The server has moved on; the page needs a fresh start.